Map: Ruins of Endion

Players

GoldenArmada

  • Race: Protoss Protoss
  • League: Master

Pokebunny - Winner!

  • Race: Terran Terran
  • League: Grandmaster

VOD

Have the link to the VOD?

Description

Time

  • Played on: April 4, 2016, 10:19 p.m.
  • Length: 7:29
Show
View Real Time Build Order
Export as new Build Order

GoldenArmada Protoss 

Build Orders: Blink Stalkers 

Get SALT Encoding   

  12  0:01  Probe (Chrono Boost)  
  13  0:11  Probe (Chrono Boost)  
  14  0:18  Pylon  
  14  0:22  Probe (Chrono Boost)  
  15  0:36  Probe (Chrono Boost)  
  15  0:38  Gateway  
  16  0:45  Assimilator  
  16  0:48  Probe (Chrono Boost)  
  17  0:59  Probe (Chrono Boost)  
  18  1:09  Probe (Chrono Boost)  
  19  1:20  Probe (Chrono Boost)  
  20  1:25  Cybernetics Core  
  20  1:30  Probe (Chrono Boost)  
  21  1:41  Probe (Chrono Boost)  
  21  1:46  Nexus  
  22  1:54  Pylon  
  22  1:57  Assimilator  
  23  2:03  Probe (Chrono Boost)  
  23  2:14  Mothership Core (Chrono Boost)  
  25  2:15  Stalker  
  27  2:24  Warp Gate  
  27  2:36  Probe (Chrono Boost)  
  27  2:45  Stalker  
  27  2:47  Probe (Chrono Boost)  
  30  2:52  Twilight Council  
  30  2:56  Pylon  
  30  2:57  Probe (Chrono Boost)  
  30  2:58  Probe (Chrono Boost)  
  32  3:08  Probe x2 (Chrono Boost)  
  34  3:18  Probe (Chrono Boost)  
  34  3:19  Probe (Chrono Boost)  
  36  3:21  Stalker  
  38  3:28  Probe (Chrono Boost)  
  38  3:29  Probe (Chrono Boost)  
  38  3:32  Blink (Chrono Boost)  
  40  3:38  Probe  
  40  3:41  Probe  
  42  3:46  Gateway  
  42  3:48  Gateway  
  42  3:49  Probe  
  42  3:53  Probe  
  44  3:59  Pylon  
  44  4:05  Probe  
  44  4:07  Probe  
  46  4:10  Pylon  
  46  4:16  Probe  
  46  4:19  Probe  
  48  4:25  Pylon  
  46  4:31  Robotics Facility  
  46  4:51  Probe  
  46  4:53  Probe  
  47  5:03  Probe  
  47  5:04  Probe  
  49  5:11  Nexus  
  49  5:14  Pylon  
  49  5:15  Probe  
  49  5:16  Probe  
  49  5:18  Observer (Chrono Boost)  
  49  5:19  Pylon  
  49  5:20  Resonating Glaives  
  52  5:25  Probe  
  52  5:28  Assimilator, Probe  
  49  5:36  Probe  
  49  5:40  Robotics Bay  
  50  5:45  Robotics Facility  
  50  5:46  Probe  
  50  5:47  Probe  
  53  5:50  Observer (Chrono Boost)  
  53  5:55  Assimilator  
  53  5:57  Assimilator, Probe  
  53  5:58  Probe  
  55  6:09  Stalker x3  
  55  6:10  Probe  
  57  6:27  Disruptor (Chrono Boost)  
  60  6:34  Gateway x2  
  60  6:37  Adept  
  60  6:39  Adept x2  
  66  6:42  Adept x2  
  63  6:47  Pylon  
  63  6:51  Disruptor (Chrono Boost)  
  53  7:20  Adept x3  
Show
View Real Time Build Order
Export as new Build Order

Pokebunny Terran - Winner!

Build Orders: Reaper Expand 

Get SALT Encoding   

  12  0:00  SCV  
  13  0:13  SCV  
  14  0:19  Supply Depot  
  14  0:25  SCV  
  15  0:41  Barracks, SCV  
  16  0:46  Refinery  
  16  0:53  SCV  
  17  1:05  SCV  
  18  1:17  SCV  
  19  1:29  Orbital Command  
  19  1:30  Reaper  
  20  1:43  Command Center  
  20  1:52  Supply Depot  
  20  1:55  SCV  
  21  2:03  Marine  
  22  2:10  Factory, SCV  
  23  2:19  Refinery  
  23  2:21  Marine  
  23  2:22  SCV  
  25  2:36  SCV  
  25  2:38  Marine  
  26  2:49  SCV  
  27  2:54  Hellion  
  27  2:55  Starport  
  27  2:56  Orbital Command  
  27  2:57  Marine  
  30  3:01  SCV  
  31  3:13  SCV  
  31  3:15  Barracks Reactor  
  31  3:16  Widow Mine  
  34  3:23  SCV  
  34  3:25  SCV  
  36  3:32  Medivac  
  38  3:35  Supply Depot, SCV  
  38  3:37  SCV  
  40  3:45  Barracks  
  40  3:48  Barracks  
  40  3:51  Factory Tech Lab, Marine x2  
  42  3:57  Supply Depot  
  42  3:58  SCV  
  42  3:59  Refinery, SCV  
  44  4:09  Siege Tank  
  47  4:14  Marine  
  47  4:16  Marine  
  49  4:18  SCV  
  49  4:19  SCV  
  49  4:22  Medivac  
  53  4:26  Engineering Bay  
  53  4:37  Barracks Tech Lab  
  53  4:38  Barracks Reactor, Marine x2  
  56  4:52  Siege Tank  
  56  4:53  SCV x2  
  56  4:56  Combat Shields, Marine  
  56  4:59  Supply Depot, Terran Infantry Weapons Level 1  
  59  5:00  Supply Depot  
  59  5:04  Marine x2  
  61  5:07  Supply Depot  
  61  5:12  Missile Turret  
  61  5:14  Marine  
  62  5:17  Missile Turret  
  62  5:22  Marine x2  
  62  5:23  Marine x2  
  66  5:29  SCV x2  
  66  5:31  Siege Tank  
  66  5:35  Medivac  
  73  5:43  Marine  
  73  5:44  Marine x4  
  73  5:49  Supply Depot  
  76  6:01  Marine x2  
  76  6:02  Marine x3  
  76  6:03  Siege Tank  
  84  6:05  Medivac  
  84  6:08  Supply Depot  
  85  6:16  Bunker  
  85  6:19  Marine x3  
  85  6:20  Marine  
  89  6:26  Marine  
  90  6:37  Marine x4  
  93  6:44  Marine, Bunker  
  93  6:46  Siege Tank  
  93  6:47  Medivac  
  99  6:55  Marine x2  
  101  7:07  Marine, Marauder  
  102  7:08  Marine  
Tags
 
Add a new tag
Caveats
  • Supply blocks, unpowered buildings, or Contaminate may cause inaccurate times.
  • Supply counts are checked every 10 seconds.